 Dungeon Crawl Stone Soup version 0.31.0-11-ge490571c62 (webtiles) character file.

Game seed: 10442746013911572763

241 qw the Spry (level 5, -2/26 HPs)
             Began as a Spriggan Hunter on Feb 4, 2024.
             Slain by Edmund
             ... wielding a +4 flail of venom
              (10 damage)
             ... on level 4 of the Dungeon.
             The game lasted 00:00:09 (2075 turns).

qw the Spry (Spriggan Hunter)                       Turns: 2075, Time: 00:00:10

Health: -2/26      AC:  3    Str:  7    XL:     5   Next: 80%
Magic:  6/6        EV: 29    Int:  8    God:
Gold:   156        SH:  0    Dex: 23    Spells: 4/4 levels left

rFire   + + +        a - +1 shortbow
rCold   . . .        (shield currently unavailable)
rNeg    . . .        c - +0 robe
rPois   +            b - +1 hat "Habass" {^Contam rF+++ Int-3 Dex+3}
rElec   .            (no cloak)
rCorr   .            (gloves unavailable)
SInv    +            (boots unavailable)
Will    .....        (no amulet)
Stlth   ++           g - ring of poison resistance
HPRegen 0.24/turn    (no ring)
MPRegen 0.10/turn

%: no passive effects
@: lethally poisoned (-2 -> -6), constricted, very quick
A: very small, no large weapons, unfitting armour, see invisible, speed 3
a: no special abilities


You were on level 4 of the Dungeon.
You visited 1 branch of the dungeon, and saw 4 of its levels.

You collected 156 gold pieces.


Innate Abilities, Weirdness & Mutations

You are very small and have problems with some larger weapons.
You are too small for most types of armour.
You have supernaturally acute eyesight. (SInv)
You cover ground extremely quickly. (Speed+++)


   Skills:
 - Level 2.0 Fighting
 + Level 5.1 Ranged Weapons
 - Level 15.1 Dodging
 - Level 1.5 Stealth


You had 4 spell levels left.
You didn't know any spells.
Your spell library was empty.

Inventory:

Hand Weapons
 a - a +1 shortbow (weapon)
Armour
 b - the +1 hat "Habass" (worn) {^Contam rF+++ Int-3 Dex+3}
   (You acquired it on level 3 of the Dungeon)

   Int-3:     It affects your intelligence (-3).
   Dex+3:     It affects your dexterity (+3).
   rF+++:     It renders you almost immune to fire.
   ^Contam:   It causes magical contamination when unequipped.
 c - a +0 robe (worn)
Jewellery
 d - a ring of fire
 g - a ring of poison resistance (left hand)
Potions
 h - 2 potions of heal wounds

Dungeon Overview and Level Annotations

Branches:
Dungeon (4/15)
 Temple: D:4-7

Altars:
Fedhas

Shops:
D:2 :   D:4 [

Annotations:
D:4 Edmund


Message History

Edmund is moderately wounded.
Edmund hits you with a +4 flail of venom!
You shoot an arrow. The arrow barely misses Edmund.
Edmund barely misses you.
You shoot an arrow. The arrow hits Edmund.
Edmund is moderately wounded.
Edmund misses you.
You shoot an arrow.
The arrow hits Edmund but does no damage.
Edmund is moderately wounded.
You hear an angry hiss.
Edmund says, "People will remember me!
They'll remember me and die!"
Edmund hits you with a +4 flail of venom.
A ball python comes into view.
You shoot an arrow.
The arrow hits Edmund but does no damage.
Edmund is moderately wounded.
Edmund hits you with a +4 flail of venom.
You are poisoned.
You shoot an arrow.
The arrow hits Edmund but does no damage.
Edmund is moderately wounded.
You feel very sick. Edmund misses you.
You shoot an arrow. The arrow barely misses Edmund.
You feel very sick. Edmund completely misses you.
The ball python completely misses you. x2
Edmund completely misses you.
You shoot an arrow. The arrow barely misses Edmund.
You feel sick.
The ball python misses you. x2; Edmund misses you.
The ball python misses you. The ball python grabs you.
The ball python constricts you.
You shoot an arrow.
The arrow hits the ball python but does no damage.
You feel sick. The ball python closely misses you.
The ball python constricts you.
Edmund says, "You wouldn't believe how much I paid for this flail."
Edmund hits you with a +4 flail of venom!
You die...
Edmund whines, "They better pay attention to me now!"

## .. #######.#
#####.......###
#.......S@......
#.# #.#@# #.#
##.#.# #.#
#....# #.#
#..#.#
#.###..#.#
#..##..#.##.#
##>.......[..#
##......#######
#....)..#


You could see Edmund and a ball python.

Vanquished Creatures
  An orc priest (D:3)
  Terence (D:2)
  2 adders (D:4)
  2 dart slugs (D:2)
  2 ribbon worms
  8 orcs
  8 endoplasms
  3 giant cockroaches
  9 goblins
  9 hobgoblins
  3 quokkas
  2 ball pythons
  4 bats
  5 frilled lizards
  7 kobolds
  5 rats
71 creatures vanquished.

Notes
Turn   | Place    | Note
-------+----------+-------------------------------------------
     0 | D:1      | qw the Spriggan Hunter began the quest for the Orb.
     0 | D:1      | Reached XP level 1. HP: 10/10 MP: 2/2
     0 | D:1      | 0 ||| qw: Version: 0.3-a-160-g6735b56
     0 | D:1      | 0 ||| qw: Game counter: 4976
     0 | D:1      | 0 ||| qw: Melee chars always use a shield: true
     0 | D:1      | 0 ||| qw: God list: Okawaru
     0 | D:1      | 0 ||| qw: Allow faded altars: false
     0 | D:1      | 0 ||| qw: Do Orc after clearing Dungeon:15 true
     0 | D:1      | 0 ||| qw: Do second Lair branch before Depths: true
     0 | D:1      | 0 ||| qw: Lair rune preference: random
     0 | D:1      | 0 ||| qw: Goals: Normal
     0 | D:1      | 0 ||| PLANNING D:1-11
    22 | D:1      | Reached skill level 3 in Dodging
    97 | D:1      | Reached XP level 2. HP: 14/14 MP: 3/3
   174 | D:1      | Found a faded altar of an unknown god.
   178 | D:1      | Reached skill level 4 in Dodging
   484 | D:1      | 484 ||| DROPPING ring of flight.
   485 | D:1      | 485 ||| DROPPING ring of wizardry.
   486 | D:1      | 486 ||| READING scroll labelled FUSHAC QEDE.
   486 | D:1      | 486 ||| IDENTIFYING fuming dark potion
   487 | D:1      | 487 ||| READING scroll labelled MEIL FUTIH.
   487 | D:1      | 487 ||| ENCHANTING +0 shortbow.
   488 | D:1      | 488 ||| DROPPING scroll of butterflies.
   489 | D:1      | 489 ||| DROPPING potion of lignification.
   567 | D:2      | Reached XP level 3. HP: 18/18 MP: 4/4
   594 | D:2      | Found a blossoming altar of Fedhas.
   597 | D:2      | Noticed Terence
   604 | D:2      | Killed Terence
   705 | D:2      | Reached XP level 4. HP: 22/22 MP: 5/5
   773 | D:2      | Found Xoexzez's Book Boutique.
   905 | D:2      | 905 ||| UPGRADING to ring of poison resistance.
   906 | D:2      | 906 ||| READING 3 scrolls of identify.
   906 | D:2      | 906 ||| IDENTIFYING viscous green potion
   907 | D:2      | 907 ||| READING 2 scrolls of identify.
   907 | D:2      | 907 ||| IDENTIFYING sedimented green potion
   908 | D:2      | 908 ||| DRINKING potion of experience.
   908 | D:2      | Reached skill level 15 in Dodging
   908 | D:2      | Reached XP level 5. HP: 25/25 MP: 6/6
   909 | D:2      | 909 ||| READING scroll of identify.
   909 | D:2      | 909 ||| IDENTIFYING cyan potion
   910 | D:2      | 910 ||| READING scroll labelled GUEDAM UPYHO.
   911 | D:2      | 911 ||| READING scroll labelled QERI OM PAN.
   911 | D:2      | 911 ||| ENCHANTING +1 shortbow.
   912 | D:2      | 912 ||| READING scroll labelled UCAMEJ VOH QIST.
   917 | D:2      | 917 ||| DROPPING potion of berserk rage.
  1014 | D:3      | Identified the maw talisman of Fedhas's Vengeance {rElec
                  | rN+ Str-4 Stlth+}
  1692 | D:3      | 1692 ||| READING scroll of identify.
  1692 | D:3      | 1692 ||| IDENTIFYING scroll labelled XOKKE IM MIRYAME
  1692 | D:3      | Identified a scroll of acquirement
  1693 | D:3      | 1693 ||| READING scroll of acquirement.
  1693 | D:3      | 1693 ||| ACQUIRING +1 hat "Habass" {^Contam rF+++ Int-3
                  | Dex+3}
  1693 | D:3      | Acquired the +1 hat "Habass" {^Contam rF+++ Int-3 Dex+3}
  1695 | D:3      | 1695 ||| UPGRADING to +1 hat "Habass" {^Contam rF+++ Int-3
                  | Dex+3}.
  1700 | D:3      | 1700 ||| READING scroll labelled XICYISE AWINY.
  1799 | D:4      | Found Ynwuse's Antique Armour Shoppe.
  2047 | D:4      | Identified the +1 dagger "Conservator" {freeze, Will-
                  | Int+9}
  2061 | D:4      | Noticed Edmund
  2075 | D:4      | Slain by Edmund

Levels and vault maps discovered:
D:1:      shiori_arrival_oz, layout_rooms, basic_ecumenical_altar,
          serial_corexii_hall, corexii_hall_statues_x, corexii_hall_statues_t,
          corner_web_ring, serial_bayou_pond_d
D:2:      layout_rooms, basic_altar, serial_shops, nicolae_book_shop_shelving,
          chequers_serial_rivers_micro_a, skrybe_limestone_x,
          grunt_ministairs_1, st_stairs_7, nicolae_elevator_lobby_asterisk,
          uniq_terence
D:3:      layout_basic, serial_bayou_lake_a
D:4:      layout_loops_corners, serial_shops, shop, uniq_edmund, uniq_grinder,
          uniq_sigmund

Skill      XL: |  1  2  3  4  5 |
---------------+----------------+-----
Dodging        | 3 4 15 | 15.1
Ranged Weapons | 5 |  5.1
Fighting       | 2 |  2.0
Stealth        | |  1.5

Action                     |  1- 3 |  4- 6 || total
---------------------------+-------+-------++-------
   Fire: Shortbow          |   107 |    97 ||   204
    Use: Scroll            |     2 |     9 ||    11
         Potion            |       |     1 ||     1
 Armour: Robe              |     8 |     7 ||    15
  Dodge: Dodged            |    31 |    55 ||    86

Table legend:
 A = Non-vault XP
 B = Vault XP
 C = Vault XP percentage of total XP
 D = Non-vault monster count
 E = Vault monster count
 F = Vault count percentage of total count
                 A         B        C        D         E       F
            +---------+---------+-------+---------+---------+-------
      Total |     190 |      46 |  19.5 |      65 |       6 |   8.5
            +---------+---------+-------+---------+---------+-------
        D:1 |      31 |       4 |  11.4 |      21 |       2 |   8.7
        D:2 |      32 |      42 |  56.8 |      17 |       4 |  19.0
        D:3 |      72 |       0 |   0.0 |      15 |       0 |   0.0
        D:4 |      55 |       0 |   0.0 |      12 |       0 |   0.0
            +---------+---------+-------+---------+---------+-------
